 Dungeon Crawl Stone Soup version 0.27-a0-1188-g73eefd5def (webtiles) character file.

Game seed: 16281530204709922158

1927 Kinoniko the Cleaver (level 8, -5/58 HPs)
             Began as a Demonspawn Berserker on May 21, 2021.
             Was a Priest of Trog.
             Slain by a vampire
             ... wielding a +0 spear
              (9 damage)
             ... on level 6 of the Dungeon.
             The game lasted 00:08:06 (7050 turns).

Kinoniko the Cleaver (Demonspawn Berserker)         Turns: 7050, Time: 00:08:08

Health: -5/58      AC:  7    Str: 19    XL:     8   Next: 96%
Magic:  8/8        EV: 15    Int: 11    God:    Trog [***...]
Gold:   490        SH:  0    Dex: 16    Spells: 7/7 levels left

rFire    . . .     SeeInvis .   a - +0 hand axe
rCold    . . .     Faith    .   (no shield)
rNeg     . . .     Spirit   .   l - +1 ring mail
rPois    .         Reflect  .   (helmet restricted)
rElec    .         Harm     .   b - scarf {repulsion}
rCorr    .         Rampage  .   r - +0 pair of fencer's gloves {Riposte Dex+3}
Will     ++...                  (no boots)
Stlth    +.........             (no amulet)
HPRegen  1.19/turn              p - +4 ring of evasion
MPRegen  0.11/turn              (no ring)

@: mighty, strong-willed, on berserk cooldown, regenerating, slowed, repel
missiles, very slow
A: horns 1, ignite blood 2, spiny 1, big brain 1
a: Renounce Religion, Berserk, Trog's Hand


You were on level 6 of the Dungeon.
You worshipped Trog.
Trog was most pleased with you.
You visited 1 branch of the dungeon, and saw 6 of its levels.
You also visited: Ossuary.

You collected 490 gold pieces.

Inventory:

Hand Weapons
 a - a +0 hand axe (weapon)
 y - a +2 whip of electrocution
Armour
 b - a scarf of repulsion (worn)
 l - a +1 ring mail (worn)
 r - the +0 pair of fencer's gloves (worn) {Riposte Dex+3}
   (You found it on level 4 of the Dungeon)

   It affects your dexterity (+3).
 x - a +0 scale mail
Jewellery
 k - a ring of fire
 p - a +4 ring of evasion (left hand)
Wands
 w - a wand of polymorph (10)
Scrolls
 c - 3 scrolls of teleportation
 d - 3 scrolls of fog
 f - 3 scrolls of amnesia
 s - 2 scrolls of noise
 v - a scroll of identify
Potions
 e - a potion of ambrosia {unknown}
 g - a potion of degeneration {unknown}
 h - 3 potions of lignification {unknown}
 i - a potion of berserk rage {unknown}
 m - 4 potions of curing
 o - 4 potions of attraction
 q - 2 potions of flight {unknown}
 t - 2 potions of mutation {unknown}
 u - a potion of heal wounds {unknown}
 z - a potion of haste {unknown}


   Skills:
 - Level 3.0 Fighting
 * Level 10.9 Axes
 - Level 1.7 Armour
 - Level 1.7 Dodging


You had 7 spell levels left.
You didn't know any spells.
Your spell library contained the following spells:

 Spells                   Type           Power      Damage    Failure   Level
 Summon Small Mammal      Summ           0%         N/A       52%         1
 Call Imp                 Summ           0%         N/A       67%         2
 Call Canine Familiar     Summ           0%         N/A       88%         3
 Summon Guardian Golem    Hex/Summ       0%         N/A       88%         3
 Summon Ice Beast         Ice/Summ       0%         N/A       99%         4
 Summon Lightning Spire   Summ/Air       0%         N/A       99%         4


Dungeon Overview and Level Annotations

Branches:
Dungeon (6/15)             Temple (0/1) D:5         Ossuary (visited)

Altars:
Dithmenos
Elyvilon
Gozag
Qazlal

Annotations:
D:5 2 transporters


Innate Abilities, Weirdness & Mutations

You have a pair of small horns on your head.
Your demonic aura often causes spilled blood to erupt in flames.
You are partially covered in sharp spines.
You have an unusually large brain. (Int +2)


Message History

The stone closely misses you.
The vampire throws a stone.
The stone hits you but does no damage.
The vampire throws a stone.
The stone completely misses you.
The vampire points at itself and mumbles some strange words.
The vampire flickers and vanishes!
Deactivating autopickup; reactivate with Ctrl-A.
Your skin crawls.
You feel strong-willed.
A stone appears from out of thin air!
The stone hits you!
Okay, then.
An ogre and a zombie come into view.
The ogre shouts!
Something barely misses you. Something hits you. Something barely misses you.
Something bites you but does no damage.
The centaur zombie is struck by your spines.
The centaur zombie hits you but does no damage.
The centaur zombie barely misses you.
There is an open door here.
You feel very mighty all of a sudden.
The centaur zombie is struck by your spines.
The centaur zombie closely misses you.
The centaur zombie kicks you but does no damage.
Something hits you! Something bites you!
Something draws strength from your injuries!
Something hits you! Something bites you.
* * * LOW HITPOINT WARNING * * *
Something draws strength from your injuries!
The centaur zombie is struck by your spines.
The centaur zombie completely misses you.
The centaur zombie kicks you but does no damage.
The ogre is struck by your spines. The ogre hits you with a +0 giant club!
* * * LOW HITPOINT WARNING * * *
As you read the scroll of fear, it crumbles to dust.
You assume a fearsome visage.
The centaur zombie is unaffected.
The ogre looks frightened!
The centaur zombie is struck by your spines.
The centaur zombie closely misses you.
The centaur zombie kicks you but does no damage.
Something hits you!
You die...

# #.# ## #.# # .# #.# .#
.### #.# #'## ...# #.#
#...# .#.# ##.####
#..... .#.# #...#.#
####......
.#.####.....#+#.#O......
.........<.[..°.@{......
##########...##.#Z......
# ##.###.##...... #
#.....## ##.... # #.####
..# # #. ## # #. # #. #


You could see an ogre (fleeing) and a centaur zombie.

Vanquished Creatures
  Pikel (D:6)
  Sigmund (D:6)
  A water moccasin (D:5)
  Duvessa (D:6)
  An ice beast (D:5)
  An ogre (D:5)
  A phantom (D:5)
  A lemure (D:6)
  3 scorpions (D:5)
  Dowan (D:6)
  A howler monkey (D:4)
  A bullfrog zombie (D:6)
  4 hounds
  A jelly (D:3)
  A centaur skeleton (D:5)
  2 orc priests (D:3)
  2 iguanas
  An orc wizard (D:3)
  A hound zombie (D:5)
  8 mummies (Ossuary)
  6 adders
  A white imp (D:5)
  2 ufetubi (D:5)
  An adder zombie (D:5)
  2 worms
  A dart slug (D:2)
  4 orcs
  10 ball pythons
  3 bats
  5 endoplasms
  2 giant cockroaches
  4 goblins (D:1)
  5 hobgoblins
  15 jackals
  A quokka (D:1)
  A frilled lizard (D:2)
  A gnoll zombie (Ossuary)
  A hobgoblin zombie (Ossuary)
  2 kobolds (D:2)
  2 kobold zombies (Ossuary)
  4 orc zombies (Ossuary)
  4 rats
111 creatures vanquished.

Notes
Turn   | Place    | Note
-------+----------+-------------------------------------------
     0 | D:1      | Kinoniko the Demonspawn Berserker began the quest for the
                  | Orb.
     0 | D:1      | Reached XP level 1. HP: 18/18 MP: 1/1
   211 | D:1      | Reached skill level 3 in Axes
   297 | D:1      | Gained mutation: You have an unusually large brain. (Int
                  | +2) [demonic ancestry]
   297 | D:1      | Reached XP level 2. HP: 9/24 MP: 2/2
  1451 | D:2      | Reached XP level 3. HP: 29/29 MP: 3/3
  1455 | D:2      | Found a stormy altar of Qazlal.
  1459 | D:2      | Reached ** piety under Trog
  1597 | D:2      | Found a faded altar of an unknown god.
  1603 | D:2      | Reached skill level 4 in Axes
  2609 | D:2      | Gained mutation: Your demonic aura sometimes causes spilled
                  | blood to erupt in flames. [demonic ancestry]
  2609 | D:2      | Reached XP level 4. HP: 35/35 MP: 4/4
  3333 | D:3      | Reached skill level 5 in Axes
  3401 | D:3      | Gained mutation: You are partially covered in sharp spines.
                  | [demonic ancestry]
  3401 | D:3      | Reached XP level 5. HP: 41/41 MP: 5/5
  4171 | D:4      | Reached skill level 6 in Axes
  4318 | D:4      | Found the +0 pair of fencer's gloves {Riposte Dex+3}
  4328 | D:4      | Reached XP level 6. HP: 41/47 MP: 6/6
  4829 | D:5      | Entered Level 5 of the Dungeon
  4927 | D:5      | Found a sand-covered staircase.
  4937 | Ossuary  | Entered an ossuary
  5018 | Ossuary  | Reached *** piety under Trog
  5196 | Ossuary  | Reached skill level 7 in Axes
  5678 | D:5      | Gained mutation: You have a pair of small horns on your
                  | head. [demonic ancestry]
  5678 | D:5      | Reached XP level 7. HP: 52/52 MP: 7/7
  5793 | D:5      | Found a transporter.
  6064 | D:5      | Found a transporter.
  6120 | D:5      | Reached skill level 8 in Axes
  6130 | D:5      | Found an opulent altar of Gozag.
  6130 | D:5      | Found a stormy altar of Qazlal.
  6227 | D:5      | Found a staircase to the Ecumenical Temple.
  6479 | D:5      | Found a shadowy altar of Dithmenos.
  6482 | D:5      | Reached skill level 9 in Axes
  6482 | D:5      | Gained mutation: Your demonic aura often causes spilled
                  | blood to erupt in flames. [demonic ancestry]
  6482 | D:5      | Reached XP level 8. HP: 58/58 MP: 8/8
  6778 | D:6      | Noticed Dowan
  6780 | D:6      | Noticed Duvessa
  6787 | D:6      | Killed Dowan
  6794 | D:6      | Killed Duvessa
  6914 | D:6      | Noticed Sigmund
  6921 | D:6      | Killed Sigmund
  6922 | D:6      | Reached skill level 10 in Axes
  7014 | D:6      | Noticed Pikel
  7029 | D:6      | Killed Pikel
  7049 | D:6      | HP: 2/58 [ogre/+0 giant club (13)]
  7050 | D:6      | Slain by a vampire

Illustrated notes

Levels and vault maps discovered:
D:1:      evilmike_arrival_rings, layout_loops_ring
D:2:      minmay_alternating_diamond, layout_basic, basic_ecumenical_altar,
          basic_altar
D:3:      layout_basic
D:4:      layout_cave_pools
D:5:      gammafunk_cloud_chamber, layout_basic, gammafunk_temple_overflow_wave,
          jmf_multi_god_temple, temple_doors_e, chequers_ossuary_entry_cave,
          kennysheep_path_1, minmay_fountain_box
D:6:      layout_loops_corners, kennysheep_mini, ebering_ghost_gozag,
          minmay_curled_crystal, moated_statue, uniq_sigmund, uniq_duvessa,
          uniq_eustachio, uniq_pikel

Skill      XL: |  1  2  3  4  5  6  7  8 |
---------------+-------------------------+-----
Axes           | 3 4 5 6 7 9 10 | 10.9
Fighting       | |  3.0
Armour         | |  1.7
Dodging        | |  1.7

Action                   |  1- 3 |  4- 6 |  7- 9 || total
-------------------------+-------+-------+-------++-------
Melee: Hand axe          |   110 |   127 |    76 ||   313
       Headbutt          |       |       |    20 ||    20
Invok: Berserk           |     9 |     8 |     8 ||    25
       Trog's Hand       |       |       |     1 ||     1
  Use: Scroll            |       |     8 |     1 ||     9
       Potion            |       |       |     1 ||     1
 Stab: Sleeping          |     1 |       |       ||     1
Armor: Animal skin       |    20 |       |       ||    20
       Leather armour    |    11 |       |       ||    11
       Ring mail         |     9 |    26 |    19 ||    54
Dodge: Dodged            |    81 |    58 |    42 ||   181
       Rpst.: Hand axe   |       |    10 |    13 ||    23

Table legend: (Time is in decaauts)
 A = Elapsed time spent in this place.
 B = Non-inter-level travel time spent in this place.
 C = Inter-level travel time spent in this place.
 D = Time resting spent in this place.
 E = Time spent auto-exploring this place.
 F = Levels seen in this place.
 G = Mean time per level.
                   A        B        C        D        E       F      G
               +--------+--------+--------+--------+--------+-----+--------+
         Total |   7278 |   7033 |    245 |   2610 |   3674 |   7 | 1039.7 |
       Dungeon |   6675 |   6430 |    245 |   2252 |   3520 |   6 | 1112.5 |
       Ossuary |    603 |    603 |      0 |    357 |    154 |   1 |  603.0 |
               +--------+--------+--------+--------+--------+-----+--------+

Top non-repeatable levels by time:
     D:2: 1697 daAuts
     D:5: 1392 daAuts
     D:1: 1378 daAuts
     D:3: 1214 daAuts
     D:4: 678 daAuts
 Ossuary: 603 daAuts
     D:6: 313 daAuts
